[Event "Titled Tuesday Blitz May 31 Late 2022"]
[White "Kollars, Dmitrij"]
[Black "Shirov, Alexei"]
[WhiteFideId "12909572"]
[BlackFideId "2209390"]
[WhiteElo "2584"]
[BlackElo "2678"]
[Result "0-1"]
[Round "11"]
[TimeControl "180+1"]
[Date "2022.05.31"]
[WhiteClock "0:00:06"]
[BlackClock "0:00:29"]

1. d4 d5 2. c4 c6 3. Nf3 Nf6 4. Nc3 e6 5. e3 Nbd7 6. Qc2 Bd6 7. b3 O-O 8. Be2 b6 9. O-O Bb7 10. Bb2 Qe7 11. a4 a6 12. Rad1 Rfe8 13. e4 Nxe4 14. Nxe4 dxe4 15. Qxe4 Nf6 16. Qh4 c5 17. Ne5 cxd4 18. Bxd4 Bc5 19. Bb2 Rad8 20. Bd3 h6 21. Qg3 Nh5 22. Qg4 Qg5 23. Qxg5 hxg5 24. g3 Nf6 25. Rfe1 Ne4 26. Bxe4 Rxd1 27. Rxd1 Bxe4 28. Rd2 f6 29. Nd7 Bb4 30. Re2 Bf3 31. Re3 Bc6 32. Nxb6 Bc5 33. a5 Rd8 34. Re1 Rd2 35. Bc1 Bxf2+ 36. Kf1 Bxe1 37. Kxe1 Rxh2 38. b4 Kf7 39. Be3 Rb2 40. Bc5 e5 41. Nc8 Ke6 42. Nd6 f5 43. Kd1 f4 44. Kc1 Rb3 45. gxf4 exf4 46. Kc2 Ba4 47. Kd2 g4 48. Ne4 g3 49. Bb6 Kf5 50. Nc5 Rxb4 51. Kc3 Rxb6 52. axb6 Bc6 0-1


[Site "https://www.chess.com"]

[Event "Titled Tuesday Blitz May 31 Late 2022"]
[White "Kovacevic, Radmila"]
[Black "Zeynalli, Rashad"]
[WhiteFideId "933171"]
[BlackFideId "13403320"]
[WhiteElo "2115"]
[BlackElo "2125"]
[Result "0-1"]
[Round "11"]
[TimeControl "180+1"]
[Date "2022.06.01"]
[WhiteClock "0:00:19"]
[BlackClock "0:00:33"]

1. e4 e5 2. Nf3 Nc6 3. d4 exd4 4. c3 d5 5. exd5 Qxd5 6. cxd4 Bg4 7. Be2 Bb4+ 8. Nc3 Bxf3 9. Bxf3 Qc4 10. Bxc6+ bxc6 11. Qe2+ Qxe2+ 12. Kxe2 O-O-O 13. Be3 Bxc3 14. bxc3 Nf6 15. c4 Ne4 16. Rhc1 Rhe8 17. Kf3 f5 18. g3 Nf6 19. h3 h6 20. Rab1 g5 21. Rb3 g4+ 22. Kg2 gxh3+ 23. Kxh3 Ng4 24. Ra3 Re4 25. Rcc3 Rde8 26. Rxa7 Nxe3 27. Ra8+ Kd7 28. Rxe8 Rxe8 29. Rxe3 Ra8 30. a3 Ra4 31. Rc3 c5 32. d5 Kd6 33. f4 Ke7 34. Kh4 Kf6 35. Kh5 Ra8 36. Re3 Ra4 37. Rc3 Kg7 38. g4 fxg4 39. Kxg4 Kg6 40. f5+ Kf6 41. Kf4 h5 42. Ke4 h4 43. Kf3 Kxf5 44. Kg2 Kg4 45. Kh2 Ra6 46. Re3 Kf4 47. Rh3 Rh6 48. Kg2 Ke4 49. Rf3 Rh7 50. Rf6 Kd4 51. Rf4+ Kc3 52. Kh3 Kb3 53. Rxh4 Rxh4+ 54. Kxh4 Kxa3 55. Kg5 Kb4 56. Kf5 Kxc4 57. Ke5 Kd3 58. Ke6 Kd4 59. Kd7 Kxd5 60. Kxc7 c4 61. Kd7 c3 62. Ke7 c2 63. Kf7 c1=Q 64. Kg7 Qc6 0-1


[Site "https://www.chess.com"]

[Event "Titled Tuesday Blitz May 31 Late 2022"]
[White "Kraus, Tomas"]
[Black "hakki1"]
[WhiteFideId "331708"]
[WhiteElo "2389"]
[BlackElo "2433"]
[Result "0-1"]
[Round "11"]
[TimeControl "180+1"]
[Date "2022.06.01"]
[WhiteClock "0:00:42"]
[BlackClock "0:00:30"]

1. e4 Nf6 2. e5 Nd5 3. d4 d6 4. Nf3 g6 5. Bc4 c6 6. O-O Bg7 7. h3 O-O 8. Re1 dxe5 9. dxe5 e6 10. Nbd2 Nd7 11. a3 Qc7 12. Qe2 b5 13. Ba2 c5 14. c4 bxc4 15. Nxc4 Bb7 16. Bd2 Ba6 17. Rac1 Rab8 18. Qe4 Bxc4 19. Bxc4 Rxb2 20. Bxd5 exd5 21. Qxd5 Qb7 22. Qxb7 Rxb7 23. e6 fxe6 24. Rxe6 Bb2 25. Rb1 c4 26. Bc3 Nc5 27. Rc6 Bxc3 28. Rxb7 Nxb7 29. Rxc4 Ba5 0-1


[Site "https://www.chess.com"]

[Event "Titled Tuesday Blitz May 31 Late 2022"]
[White "Ladan, Nicholas"]
[Black "Souleidis, Georgios"]
[WhiteFideId "30918855"]
[BlackFideId "4206827"]
[WhiteElo "2167"]
[BlackElo "2401"]
[Result "0-1"]
[Round "11"]
[TimeControl "180+1"]
[Date "2022.06.01"]
[WhiteClock "0:00:34"]
[BlackClock "0:00:34"]

1. d4 Nf6 2. c4 g6 3. Nf3 Bg7 4. g3 O-O 5. Bg2 d6 6. O-O Nc6 7. Nc3 e5 8. dxe5 Nxe5 9. Nxe5 dxe5 10. Bg5 c6 11. Qc1 Qc7 12. Rd1 Re8 13. Ne4 Nxe4 14. Bxe4 f5 15. Bg2 Be6 16. b3 e4 17. Rb1 a5 18. a4 Qe5 19. h4 Qc3 20. Qxc3 Bxc3 21. Rbc1 Be5 22. Kh2 Kg7 23. f3 h6 24. Be3 exf3 25. exf3 Bf6 26. Bb6 g5 27. hxg5 hxg5 28. Re1 Kf7 29. Rcd1 Bc3 30. Re3 Bb4 31. f4 gxf4 32. gxf4 Rh8+ 33. Rh3 Rag8 34. Rxh8 Rxh8+ 35. Kg3 Rg8+ 36. Kf3 Kf6 37. Bd4+ Ke7 38. Be5 Bf7 39. Bh3 Bh5+ 40. Ke3 Bxd1 41. Bxf5 Bxb3 42. Kd4 Rd8+ 43. Ke3 Bc5+ 44. Ke2 Bxc4+ 45. Ke1 Bb4+ 46. Kf2 Bd6 0-1


[Site "https://www.chess.com"]

[Event "Titled Tuesday Blitz May 31 Late 2022"]
[White "Leitao, Rafael"]
[Black "Richter, Nils"]
[WhiteFideId "2101246"]
[BlackFideId "12990809"]
[WhiteElo "2609"]
[BlackElo "2243"]
[Result "1-0"]
[Round "11"]
[TimeControl "180+1"]
[Date "2022.06.01"]
[WhiteClock "0:00:01"]
[BlackClock "0:00:08"]

1. e4 c5 2. Nf3 Nc6 3. d4 cxd4 4. Nxd4 Nf6 5. Nc3 h5 6. Be2 g6 7. O-O Bg7 8. h3 O-O 9. Nb3 d6 10. Be3 Bd7 11. Qd2 a5 12. a4 Nb4 13. Nd4 Rc8 14. Rad1 Rxc3 15. Qxc3 Nxe4 16. Qb3 Nc5 17. Qc4 Nxa4 18. Qb3 Nc5 19. Qc4 b5 20. Nxb5 Be6 21. Qh4 Qb6 22. Qxe7 Nxc2 23. Rxd6 Qb8 24. Bxc5 Re8 25. Qc7 Qa8 26. Bf3 Qb8 27. Rb6 Qd8 28. Qxd8 Rxd8 29. Nd6 Nd4 30. Rd1 Nxf3+ 31. gxf3 Bxh3 32. Rd2 Be6 33. Ne4 Rc8 34. Bd4 Bh6 35. Nf6+ Kf8 36. Rd1 a4 37. Rb5 Bb3 38. Re1 Rd8 39. Bc3 Bd2 40. Bxd2 Rxd2 41. Ne4 Rxb2 42. Nc5 Kg7 43. Nxb3 axb3 44. Re3 Rc2 45. Rexb3 Rc4 46. Kg2 Rf4 47. Rb7 Rf6 48. Rc3 Rf5 49. Rcc7 Rf6 50. Ra7 Rf5 51. Rc6 Rf4 52. Kg3 Rf5 53. f4 Rb5 54. Rcc7 Rf5 55. Re7 Rf6 56. Re5 Kg8 57. f5 g5 58. f4 gxf4+ 59. Kxf4 Kg7 60. Kg5 Rb6 61. Ree7 Rf6 62. Rec7 h4 63. Rc4 Rh6 64. Rxh4 Rf6 65. Rh7+ Kxh7 66. Kxf6 Kh6 67. Kxf7 Kh5 68. Ke6 Kg5 69. f6 Kg6 70. f7 Kg7 71. Ra8 Kg6 72. f8=Q Kg5 73. Qf5+ Kh4 74. Qf3 Kg5 75. Rg8+ Kh4 76. Qh1# 1-0


[Site "https://www.chess.com"]

[Event "Titled Tuesday Blitz May 31 Late 2022"]
[White "Levine, David"]
[Black "Prydun, Andriy"]
[WhiteFideId "2011611"]
[BlackFideId "14145898"]
[WhiteElo "2172"]
[BlackElo "2063"]
[Result "0-1"]
[Round "11"]
[TimeControl "180+1"]
[Date "2022.06.01"]
[WhiteClock "0:00:01"]
[BlackClock "0:00:03"]

1. d4 d5 2. c4 c6 3. Nf3 Nf6 4. Qc2 a6 5. g3 Bg4 6. Ne5 Be6 7. Bg2 dxc4 8. e3 Bd5 9. e4 Be6 10. Be3 b5 11. h3 g6 12. O-O Bg7 13. f4 O-O 14. Nc3 Qc8 15. g4 Qc7 16. f5 Bc8 17. Bf4 Qb6 18. Rad1 Bb7 19. Kh2 c5 20. d5 Nbd7 21. g5 Nxe5 22. Bxe5 Ng4+ 23. hxg4 Bxe5+ 24. Kh1 Kg7 25. Qf2 Rh8 26. d6 exd6 27. f6+ Kg8 28. Qe3 Re8 29. Nd5 Qd8 30. Ne7+ Rxe7 31. fxe7 Qxe7 32. Bh3 Kg7 33. Kg2 h6 34. gxh6+ Rxh6 35. Rh1 Qh4 36. Rdf1 Bc8 37. Qf3 Be6 38. Qf2 Qg5 39. Qf3 Rh4 40. Rf2 Bxg4 0-1


[Site "https://www.chess.com"]

[Event "Titled Tuesday Blitz May 31 Late 2022"]
[White "Melikhov, Evgeny V."]
[Black "Leiva, Gianmarco"]
[WhiteFideId "4122046"]
[BlackFideId "3804399"]
[WhiteElo "1931"]
[BlackElo "2323"]
[Result "0-1"]
[Round "11"]
[TimeControl "180+1"]
[Date "2022.05.31"]
[WhiteClock "0:00:01"]
[BlackClock "0:00:12"]

1. d4 Nf6 2. c4 e6 3. Nc3 Bb4 4. Qc2 O-O 5. e4 d5 6. e5 Ne4 7. Bd3 c5 8. Nf3 Nc6 9. O-O Nxd4 10. Nxd4 cxd4 11. Nxe4 dxe4 12. Bxe4 h6 13. c5 Qc7 14. a3 Bxc5 15. b4 Bb6 16. Qxc7 Bxc7 17. f4 Rd8 18. Rd1 Bd7 19. Bb2 Ba4 20. Rd2 a5 21. Kf2 f6 22. exf6 gxf6 23. Kf3 e5 24. fxe5 fxe5 25. Rc1 Bd6 26. Bxb7 Rab8 27. Bc6 Bxc6+ 28. Rxc6 axb4 29. axb4 Rxb4 30. Ke4 Rb3 31. Rxd6 Rxd6 32. Kxe5 Rd8 33. Bxd4 Rb5+ 34. Kf4 Rbd5 35. Ke4 Rg5 36. g3 Rh5 37. h4 Rhd5 38. Rd3 h5 39. Rd2 R8d7 40. Rd3 Kh7 41. Rd2 Kg6 42. Rd3 R5d6 43. Rd2 Re6+ 44. Kf3 Kf5 45. Be3 Rxd2 46. Bxd2 Rd6 47. Be3 Rd3 48. Ke2 Rb3 49. Bf4 Kg4 50. Kf2 Rf3+ 51. Ke2 Ra3 52. Kf2 Kf5 53. Ke2 Ke4 54. Kd2 Kd4 55. Ke2 Rb3 56. Kd2 Rb2+ 57. Kc1 Ra2 58. Kb1 Re2 59. Kc1 Kc3 60. Kd1 Kd3 61. Kc1 Rg2 62. Kb1 Kc3 0-1


[Site "https://www.chess.com"]

[Event "Titled Tuesday Blitz May 31 Late 2022"]
[White "Mendoza Criollo, Carlos David"]
[Black "Jorquera, Marcelo"]
[WhiteFideId "3618323"]
[BlackFideId "3401197"]
[WhiteElo "1715"]
[BlackElo "2136"]
[Result "1/2-1/2"]
[Round "11"]
[TimeControl "180+1"]
[Date "2022.06.01"]
[WhiteClock "0:00:20"]
[BlackClock "0:00:03"]

1. d4 Nf6 2. c4 g6 3. Nc3 Bg7 4. e4 d6 5. Bd3 O-O 6. Nge2 e5 7. d5 a5 8. h3 Na6 9. Be3 b6 10. Qd2 Nd7 11. Ng3 Ndc5 12. Bc2 f5 13. exf5 gxf5 14. Bg5 Qe8 15. O-O f4 16. Nge4 Bf5 17. g4 Bxe4 18. Nxe4 Nxe4 19. Bxe4 Nc5 20. Bf5 Rxf5 21. gxf5 Qh5 22. Bxf4 exf4 23. Qxf4 Rf8 24. Qg4 Qxf5 25. Kg2 h5 26. Qxf5 Rxf5 27. Rae1 Kf7 28. b3 Be5 29. Re3 Nd7 30. f3 Nf8 31. Rd3 Ng6 32. Kf2 Nf4 33. Rdd1 Nxh3+ 34. Ke3 Nf4 35. Ke4 Rg5 36. Rg1 Kf6 37. Rxg5 Kxg5 38. Rg1+ Kh6 39. Kf5 h4 40. Rg4 h3 41. Rh4+ Kg7 42. a3 Kg8 43. b4 axb4 44. axb4 Kg7 45. c5 bxc5 46. bxc5 Kg8 47. cxd6 cxd6 48. Kg4 Kg7 49. Kf5 Kf7 50. Rh7+ Kg8 51. Rh4 Kf7 52. Rh7+ Ke8 53. Rh6 Kd7 54. Rh7+ Kc8 55. Kg4 Nxd5 56. Rxh3 Nf4 57. Rh7 Kd8 58. Kf5 Kc8 59. Ke4 Kb8 60. Rf7 Kc8 61. Rxf4 Bxf4 62. Kxf4 Kd7 63. Kf5 Ke7 64. Kg6 d5 65. f4 d4 66. Kg7 Ke6 67. Kg6 Ke7 68. Kg7 Ke6 69. Kg6 Ke7 1/2-1/2


[Site "https://www.chess.com"]

[Event "Titled Tuesday Blitz May 31 Late 2022"]
[White "Mikhalsky, Vladimir"]
[Black "Karttunen, Mika"]
[WhiteFideId "14144352"]
[BlackFideId "502081"]
[WhiteElo "2301"]
[BlackElo "2343"]
[Result "1-0"]
[Round "11"]
[TimeControl "180+1"]
[Date "2022.05.31"]
[WhiteClock "0:01:03"]
[BlackClock "0:00:36"]

1. d4 Nf6 2. c4 g6 3. f3 Bg7 4. e4 d6 5. Nc3 O-O 6. Be3 Nbd7 7. Qd2 e5 8. d5 h5 9. Bd3 a5 10. Nge2 Nc5 11. Bc2 Bd7 12. O-O-O a4 13. h3 Qb8 14. g4 b5 15. cxb5 Bxb5 16. Nxb5 Qxb5 17. Nc3 Qc4 18. Qe2 Qb4 19. Qb5 Rfb8 20. Qxb4 Rxb4 21. Bxc5 dxc5 22. g5 Ne8 23. a3 Rc4 24. Bd3 Rd4 25. Ne2 Nd6 26. Nxd4 exd4 27. f4 c4 28. e5 cxd3 29. exd6 cxd6 30. Rxd3 Re8 31. Kd2 Re4 32. Rf1 h4 33. b3 axb3 34. Rxb3 Re7 35. a4 Ra7 36. Ra1 d3 37. Ra2 Bd4 38. Kxd3 Bc5 39. a5 Re7 40. a6 Re3+ 41. Kc4 Re4+ 42. Kb5 Rxf4 43. a7 Bxa7 44. Rxa7 1-0


[Site "https://www.chess.com"]

[Event "Titled Tuesday Blitz May 31 Late 2022"]
[White "Mirza, Diana"]
[Black "Gomez Dieguez, David"]
[WhiteFideId "2503999"]
[BlackFideId "22223630"]
[WhiteElo "1813"]
[BlackElo "2115"]
[Result "0-1"]
[Round "11"]
[TimeControl "180+1"]
[Date "2022.06.01"]
[WhiteClock "0:00:07"]
[BlackClock "0:00:03"]

1. b4 d5 2. Bb2 Nf6 3. e3 Bf5 4. c4 e6 5. c5 c6 6. Nf3 Be7 7. Be2 h6 8. O-O O-O 9. a4 a5 10. Nd4 axb4 11. Nxf5 exf5 12. Qc2 Ne4 13. f3 Nxc5 14. Qxf5 Qd7 15. Qh5 Rxa4 16. Rxa4 Nxa4 17. Ba1 Qe6 18. f4 Bf6 19. f5 Qe7 20. Bxf6 Qxf6 21. d4 Qg5 22. Qh3 Re8 23. Rf3 Nd7 24. Rg3 Qf6 25. Nd2 Nc3 26. Bd3 Ne4 27. Bxe4 dxe4 28. Qg4 b3 29. Nxe4 Rxe4 30. Qxe4 Kh7 31. Qb1 b6 32. e4 Qd6 33. Rxb3 Qxd4+ 34. Kf1 c5 35. f6 Qxf6+ 36. Rf3 Qd4 37. e5+ Kg8 38. Qf5 Nxe5 39. Qc8+ Kh7 40. Qf5+ g6 41. Qf6 Nxf3 42. Qxf7+ Qg7 43. Qxf3 Qe7 44. Qc6 Kg7 45. Qxb6 Qf6+ 46. Qxf6+ Kxf6 47. Ke2 Ke5 48. Kd3 Kd5 49. Kc3 g5 50. g4 c4 51. h3 Kc5 52. Kc2 Kd4 53. Kd2 c3+ 54. Kc2 Kc4 55. Kc1 Kd3 56. Kd1 Ke3 57. Kc2 Kf3 58. Kxc3 Kg3 59. Kd2 Kxh3 60. Ke2 Kxg4 61. Kf2 Kf4 62. Kg2 h5 63. Kh3 Kf3 64. Kh2 g4 65. Kh1 Kg3 66. Kg1 h4 67. Kh1 Kh3 68. Kg1 Kg3 69. Kh1 Kf4 70. Kh2 Ke3 71. Kg2 g3 72. Kh1 Kf4 73. Kg2 Kg4 74. Kh1 h3 75. Kg1 g2 76. Kh2 Kf3 77. Kg1 h2+ 78. Kxh2 Kf2 79. Kh3 g1=Q 80. Kh4 Kf3 0-1


[Site "https://www.chess.com"]

[Event "Titled Tuesday Blitz May 31 Late 2022"]
[White "Nazaretyan, Tigran"]
[Black "Bringas Gomez, Artai"]
[WhiteFideId "24162345"]
[BlackFideId "24534064"]
[WhiteElo "2225"]
[BlackElo "1952"]
[Result "0-1"]
[Round "11"]
[TimeControl "180+1"]
[Date "2022.05.31"]
[WhiteClock "0:00:01"]
[BlackClock "0:00:18"]

1. d4 Nf6 2. c4 e6 3. Nf3 d5 4. Nc3 dxc4 5. e3 a6 6. a4 c5 7. Bxc4 Nc6 8. O-O Be7 9. Qe2 cxd4 10. Rd1 O-O 11. exd4 Nb4 12. Ra3 Nbd5 13. Rb3 Bd7 14. Ne5 Nxc3 15. Rxc3 Bxa4 16. b3 Be8 17. Rg3 b5 18. Bh6 g6 19. Bxf8 Bxf8 20. Bd3 Qd5 21. h4 Bg7 22. b4 a5 23. bxa5 Rxa5 24. Bc2 Ra2 25. Qd3 Ra8 26. Bb3 Qe4 27. Qd2 Qxh4 28. d5 Ne4 29. Qd4 Bxe5 30. Qxe5 Nxg3 31. fxg3 Qb4 32. dxe6 Qxb3 33. exf7+ Bxf7 34. Rf1 Qe6 35. Qxb5 Qe3+ 36. Kh2 Qh6+ 37. Kg1 Qe3+ 38. Kh2 Re8 39. Qd7 Qe6 40. Qd4 Qe5 41. Qd7 Qd5 42. Qc7 Re2 43. Qc8+ Kg7 44. Qc3+ Qe5 45. Qf3 Qh5+ 46. Qxh5 gxh5 47. Kh3 Bd5 48. Rg1 Kg6 49. Kh4 Rxg2 50. Rh1 Rxg3 51. Rg1 Rg4+ 0-1


[Site "https://www.chess.com"]

[Event "Titled Tuesday Blitz May 31 Late 2022"]
[White "Necula, Iulian"]
[Black "Mangialardo, Tiago Carvalho"]
[WhiteFideId "1232380"]
[BlackFideId "2130718"]
[WhiteElo "1776"]
[BlackElo "2113"]
[Result "0-1"]
[Round "11"]
[TimeControl "180+1"]
[Date "2022.06.01"]
[WhiteClock "0:00:01"]
[BlackClock "0:00:03"]

1. b4 e5 2. Bb2 d6 3. c4 Nf6 4. e3 Be7 5. Nf3 Bg4 6. h3 Bh5 7. Be2 O-O 8. O-O Nbd7 9. d3 Bg6 10. Nbd2 Re8 11. a4 c6 12. b5 Bf8 13. e4 d5 14. cxd5 cxd5 15. Re1 dxe4 16. dxe4 Qb6 17. Nc4 Qc7 18. Bf1 Rad8 19. Qb3 Bc5 20. Rac1 b6 21. Ncd2 Qb7 22. Bd3 Nh5 23. Nh4 Nf4 24. Nxg6 Nxd3 25. Qxd3 hxg6 26. Qg3 Nf6 27. Nc4 Bd4 28. Bxd4 Rxd4 29. Nxe5 Rxe4 30. Rxe4 Qxe4 31. Nc6 Qxa4 32. Qc7 Qxb5 33. Nxa7 Qg5 34. Rd1 b5 35. Nc6 Qc5 36. Qb7 Ne4 37. Nd4 Qc4 38. Qd7 Nc3 39. Qxe8+ Kh7 40. Qe2 Nxe2+ 41. Nxe2 Qxe2 42. Rb1 Qd3 43. Rb2 Qc3 44. Rb1 b4 0-1


[Site "https://www.chess.com"]

[Event "Titled Tuesday Blitz May 31 Late 2022"]
[White "Pakleza, Zbigniew"]
[Black "Przybylski, Wojciech"]
[WhiteFideId "1119290"]
[BlackFideId "1117599"]
[WhiteElo "2467"]
[BlackElo "2133"]
[Result "1-0"]
[Round "11"]
[TimeControl "180+1"]
[Date "2022.05.31"]
[WhiteClock "0:00:34"]
[BlackClock "0:00:05"]

1. d4 Nf6 2. Nf3 e6 3. Bf4 Be7 4. e3 O-O 5. h3 b6 6. Nbd2 Bb7 7. Bd3 c5 8. c3 d6 9. Qe2 Nbd7 10. O-O a6 11. a4 cxd4 12. exd4 Nd5 13. Bh2 N7f6 14. Rfe1 Re8 15. Nc4 h6 16. Qc2 Rc8 17. Qb3 Rc6 18. Nfd2 Qa8 19. Bf1 Rec8 20. Na3 Nh5 21. c4 Ndf4 22. d5 Rc5 23. g3 Ng6 24. dxe6 fxe6 25. Rxe6 Nf6 26. Rae1 Re5 27. Qxb6 Bd8 28. Qxd6 Bc7 29. Qd3 Rd8 30. Qxg6 Rxe1 31. Rxe1 Rxd2 32. Re7 Ne8 33. Rxe8+ 1-0


[Site "https://www.chess.com"]

[Event "Titled Tuesday Blitz May 31 Late 2022"]
[White "Papasimakopoulos, Alexandros"]
[Black "Hess, Robert"]
[WhiteFideId "4244125"]
[BlackFideId "2022036"]
[WhiteElo "2340"]
[BlackElo "2557"]
[Result "0-1"]
[Round "11"]
[TimeControl "180+1"]
[Date "2022.05.31"]
[WhiteClock "0:00:11"]
[BlackClock "0:00:18"]

1. d4 g6 2. c4 Bg7 3. e4 d6 4. Nc3 c5 5. Nge2 cxd4 6. Nxd4 Nc6 7. Be3 Bd7 8. Qd2 Rc8 9. Be2 a6 10. O-O Nf6 11. Rac1 O-O 12. b3 Ng4 13. Bxg4 Bxg4 14. f3 Bd7 15. Nd5 Nxd4 16. Bxd4 Bxd4+ 17. Qxd4 Be6 18. f4 Bxd5 19. exd5 Qa5 20. Rf2 b5 21. f5 bxc4 22. bxc4 Rc7 23. fxg6 hxg6 24. h4 Qc5 25. Qf4 Rb7 26. Kh1 e5 27. dxe6 Re7 28. Re1 d5 29. cxd5 Qxd5 30. Rd2 Qh5 31. Re5 fxe6 32. Qe4 Qh6 33. Rd6 Rf4 34. Qe3 Rf1+ 35. Kh2 Qxh4+ 36. Qh3 Qf4+ 37. g3 Qf2+ 38. Qg2 Rh7+ 39. Rh5 Rxh5# 0-1


[Site "https://www.chess.com"]

[Event "Titled Tuesday Blitz May 31 Late 2022"]
[White "Papp, Levente"]
[Black "Sliwicki, Damian"]
[WhiteFideId "751243"]
[BlackFideId "1127128"]
[WhiteElo "2308"]
[BlackElo "2125"]
[Result "1-0"]
[Round "11"]
[TimeControl "180+1"]
[Date "2022.06.01"]
[WhiteClock "0:00:03"]
[BlackClock "0:00:04"]

1. c4 Nf6 2. Nc3 c6 3. e4 d5 4. exd5 cxd5 5. cxd5 Nxd5 6. Nf3 Nc6 7. d4 g6 8. Qb3 Nxc3 9. bxc3 Bg7 10. Be2 O-O 11. O-O e5 12. Ba3 Re8 13. dxe5 Be6 14. Qxb7 Nxe5 15. Nd4 Bd5 16. Qa6 Qg5 17. f3 Qe3+ 18. Kh1 Qxc3 19. Nb5 Qc2 20. Nd6 Re6 21. Rad1 Nxf3 22. Rxd5 Rxe2 23. Qc4 Rxg2 24. Qxc2 Rxc2 25. Rxf3 Rb8 26. Rd1 Rxa2 27. Bc5 Rc2 28. Bg1 f5 29. Bxa7 Rd8 30. Rfd3 Be5 31. Bg1 Ra8 32. Nb5 Raa2 33. Nd4 Re2 34. Nf3 Bf4 35. Rd4 g5 36. Rd5 g4 37. Rxf5 Be3 38. Bxe3 gxf3 39. Rg1+ Rg2 40. Rxf3 Rxg1+ 41. Bxg1 Ra1 42. Kg2 Rb1 43. Bd4 h6 44. Kg3 Kh7 45. h4 Rb4 46. Rf4 Rc4 47. Kg4 Rb4 48. h5 Rb5 49. Rf7+ Kg8 50. Rg7+ Kf8 51. Rd7 Rb4 52. Kf5 Ke8 53. Rd5 Kf7 54. Be5 Rh4 55. Rd7+ Ke8 56. Ke6 Rxh5 57. Rh7 1-0


[Site "https://www.chess.com"]

[Event "Titled Tuesday Blitz May 31 Late 2022"]
[White "Perez Torres, Nabi Isaias"]
[Black "Shapiro, Daniel"]
[WhiteFideId "5120373"]
[BlackFideId "2001780"]
[WhiteElo "1755"]
[BlackElo "2285"]
[Result "0-1"]
[Round "11"]
[TimeControl "180+1"]
[Date "2022.06.01"]
[WhiteClock "0:00:13"]
[BlackClock "0:00:17"]

1. d4 Nf6 2. c4 e6 3. Nf3 b6 4. a3 Ba6 5. Qc2 c5 6. d5 exd5 7. cxd5 d6 8. Nc3 g6 9. Bg5 Bg7 10. O-O-O O-O 11. h4 b5 12. h5 Nbd7 13. hxg6 hxg6 14. e4 Qb6 15. e5 Nxe5 16. Ne4 Nxe4 17. Qxe4 b4 18. Qh4 f6 19. Qh7+ Kf7 20. Bh6 Rg8 21. Nxe5+ dxe5 22. Rh3 bxa3 23. Rxa3 Bxf1 24. Rxf1 Rab8 25. b3 c4 26. Be3 Qc7 27. Rxa7 Rb7 28. Rxb7 Qxb7 29. bxc4 Rh8 30. Qxh8 Bxh8 31. Kc2 f5 32. Rb1 Qa6 33. Rb6 Qxc4+ 34. Kd2 Qxd5+ 0-1


[Site "https://www.chess.com"]

[Event "Titled Tuesday Blitz May 31 Late 2022"]
[White "Petrovic, Aleksa"]
[Black "Fishbein, Alexander"]
[WhiteFideId "967629"]
[BlackFideId "2000377"]
[WhiteElo "2144"]
[BlackElo "2442"]
[Result "0-1"]
[Round "11"]
[TimeControl "180+1"]
[Date "2022.05.31"]
[WhiteClock "0:00:04"]
[BlackClock "0:00:33"]

1. d4 Nf6 2. c4 g6 3. Nc3 Bg7 4. e4 O-O 5. Be2 d6 6. Nf3 e5 7. O-O c6 8. Qc2 exd4 9. Nxd4 Ng4 10. Bxg4 Bxd4 11. Bxc8 Qxc8 12. Bh6 Re8 13. Rad1 Bh8 14. Rxd6 Na6 15. Rfd1 Nc5 16. Bg5 Ne6 17. Bh4 Qc7 18. Bg3 Qa5 19. a3 Rad8 20. b4 Qxa3 21. Rxd8 Rxd8 22. Rxd8+ Nxd8 23. Qd2 Ne6 24. Nd1 Qb3 25. h4 Qxc4 26. Qd7 Qd4 27. Qe8+ Nf8 28. Ne3 Qd7 29. Qa8 a6 30. Nc4 Bg7 31. Bd6 b5 32. Bxf8 Bxf8 33. Ne5 Qd1+ 34. Kh2 Qd6 35. f4 f6 36. Nf3 Qxf4+ 37. Kh3 Qxe4 38. Qxa6 Qf5+ 39. Kg3 Bd6+ 40. Kf2 Bxb4 41. Qxc6 Qc5+ 42. Qxc5 Bxc5+ 43. Ke2 Kf7 44. Kd3 Ke6 45. g4 Kd5 46. h5 g5 47. Ne1 Ke5 48. Ng2 b4 49. Kc4 Bf2 50. Kxb4 Ke4 51. Kc4 Kf3 52. Kd5 Kxg2 53. Ke6 Kf3 54. h6 Kxg4 55. Kf7 Kh5 56. Kg7 f5 57. Kxh7 Bd4 0-1


[Site "https://www.chess.com"]

[Event "Titled Tuesday Blitz May 31 Late 2022"]
[White "Prado Lobo, Jonas"]
[Black "Keller, Peter"]
[WhiteFideId "32050666"]
[BlackFideId "1272105"]
[WhiteElo "2214"]
[BlackElo "2275"]
[Result "0-1"]
[Round "11"]
[TimeControl "180+1"]
[Date "2022.06.01"]
[WhiteClock "0:00:06"]
[BlackClock "0:00:15"]

1. Nf3 d5 2. e3 Nf6 3. c4 e6 4. b3 c5 5. Bb2 Nc6 6. cxd5 exd5 7. d4 cxd4 8. Nxd4 Bd6 9. Be2 O-O 10. O-O Bc7 11. Nc3 Qd6 12. g3 a6 13. Bf3 Bh3 14. Re1 Rad8 15. Nce2 Ne5 16. Bh1 Bg4 17. Qc2 Rc8 18. Nf4 Ba5 19. Qb1 Bxe1 20. Qxe1 Rc7 21. Qa5 Rfc8 22. Nxd5 Nxd5 23. Qxd5 Qxd5 24. Bxd5 Nc6 25. Nxc6 bxc6 26. Bc4 a5 27. Bc3 Ra8 28. Kg2 Be6 29. Be2 a4 30. b4 a3 31. Bd4 Rb7 32. Bc5 Rd7 33. Bf3 Bd5 34. e4 Be6 35. e5 Bd5 36. Re1 Bxf3+ 37. Kxf3 Rd2 38. Re2 Rxe2 39. Kxe2 g5 40. Kd3 Kg7 41. f4 gxf4 42. gxf4 Kg6 43. Ke4 f5+ 44. Kd3 Kf7 45. Kc4 Ke6 46. b5 cxb5+ 47. Kxb5 Rb8+ 48. Bb6 Rc8 49. Bc5 Rb8+ 50. Bb6 Rg8 51. Bc5 Rg2 52. h4 Rxa2 53. Ka4 Rc2 54. Bxa3 Rc4+ 55. Kb3 Rxf4 56. Bb2 Rxh4 57. Bc3 Re4 58. Kc2 h5 59. Kd3 h4 60. Be1 h3 61. Bh4 Rxh4 62. Ke3 Rg4 63. Kf3 h2 64. Kf2 h1=Q 65. Ke3 Qh3+ 66. Kf2 Rg2+ 67. Kf1 Qh1# 0-1


[Site "https://www.chess.com"]

[Event "Titled Tuesday Blitz May 31 Late 2022"]
[White "Preotu, Razvan"]
[Black "Omariev, Maksim"]
[WhiteFideId "2613280"]
[BlackFideId "4193423"]
[WhiteElo "2407"]
[BlackElo "2544"]
[Result "1-0"]
[Round "11"]
[TimeControl "180+1"]
[Date "2022.05.31"]
[WhiteClock "0:00:55"]
[BlackClock "0:00:01"]

1. e4 c5 2. Nf3 d6 3. d4 cxd4 4. Nxd4 Nf6 5. Nc3 a6 6. Be2 e6 7. Be3 Be7 8. g4 b5 9. g5 Nfd7 10. a3 Bb7 11. Qd2 Nb6 12. f4 N8d7 13. f5 exf5 14. Nxf5 O-O 15. Qd4 f6 16. O-O-O Rc8 17. Rhg1 Nc4 18. g6 Nxe3 19. Qxe3 Kh8 20. Qh3 h6 21. Nxh6 1-0


[Site "https://www.chess.com"]

[Event "Titled Tuesday Blitz May 31 Late 2022"]
[White "Proudian, Armen"]
[Black "Bryakin, Mikhail"]
[WhiteFideId "2130734"]
[BlackFideId "4165314"]
[WhiteElo "2380"]
[BlackElo "2417"]
[Result "0-1"]
[Round "11"]
[TimeControl "180+1"]
[Date "2022.05.31"]
[WhiteClock "0:00:05"]
[BlackClock "0:00:49"]

1. e4 e6 2. d4 d5 3. exd5 exd5 4. Bd3 Bd6 5. Qf3 Ne7 6. Ne2 Be6 7. Bf4 Nbc6 8. c3 Qd7 9. h3 O-O-O 10. Nd2 h6 11. O-O g5 12. Bxd6 Qxd6 13. b4 Rdg8 14. Qg3 Qxg3 15. Nxg3 Kd7 16. b5 Nd8 17. a4 f6 18. a5 Nf7 19. Nb3 b6 20. axb6 axb6 21. Ra7 Nd6 22. Rfa1 f5 23. Nh5 Rf8 24. Re1 Rf7 25. f3 f4 26. Nc5+ bxc5 27. dxc5 Ndc8 28. Ra2 Bf5 29. Bf1 Bg6 30. g4 fxg3 31. Nxg3 Nf5 32. Nxf5 Bxf5 33. Rd2 Ne7 34. c4 c6 35. cxd5 Nxd5 36. Bc4 Rd8 37. Bxd5 cxd5 38. Rxd5+ Kc8 39. Rxd8+ Kxd8 40. Kg2 Re7 41. Rxe7 Kxe7 42. Kg3 h5 43. h4 g4 44. fxg4 hxg4 45. h5 Kd7 46. h6 Kc7 47. Kf4 Kb7 48. Kxf5 g3 49. h7 g2 50. h8=Q g1=Q 51. Qh7+ Kb8 52. Qh8+ Kb7 53. Qe5 Qf1+ 54. Ke6 Qxb5 55. Qd5+ Kc8 56. Qd6 Qc4+ 57. Ke5 Qc3+ 58. Kd5 Qg3 59. Kc6 Qf3+ 60. Kb6 Qb3+ 61. Kc6 Qb7# 0-1


[Site "https://www.chess.com"]

[Event "Titled Tuesday Blitz May 31 Late 2022"]
[White "Remolar Gallen, Jose"]
[Black "Araujo Filho, Luiz Antonio Coel"]
[WhiteFideId "2215187"]
[BlackFideId "2130661"]
[WhiteElo "2205"]
[BlackElo "2214"]
[Result "0-1"]
[Round "11"]
[TimeControl "180+1"]
[Date "2022.06.01"]
[WhiteClock "0:00:07"]
[BlackClock "0:00:18"]

1. e4 c6 2. d4 d5 3. e5 Bf5 4. Nf3 e6 5. Bd3 Bxd3 6. Qxd3 Nd7 7. O-O Ne7 8. c4 dxc4 9. Qxc4 Nd5 10. Nc3 Be7 11. Bd2 O-O 12. Qb3 N7b6 13. a4 Nxc3 14. bxc3 Qc7 15. Rab1 Rab8 16. a5 Nd7 17. Be3 c5 18. Qa4 Rfd8 19. Rb2 b6 20. Rfb1 bxa5 21. h3 Rxb2 22. Rxb2 Rb8 23. Rxb8+ Nxb8 24. Qe8+ Bf8 25. Ng5 Nc6 26. d5 Nxe5 27. Bf4 Qd7 28. Qb8 Nd3 29. dxe6 fxe6 30. Bc7 a4 31. Qxa7 a3 32. Qa5 c4 33. Bg3 Qd5 34. Qxd5 exd5 0-1


[Site "https://www.chess.com"]